Map: Interloper LE

Players

Winthrowe - Winner!

  • Race: Terran Terran
  • League: Silver
  • Spawn Location: 5:00

A.I. 1 (Hard)

  • Race: Zerg Zerg
  • Spawn Location: 11:00

VOD

Have the link to the VOD?

Description

Time

  • Played on: Aug. 19, 2017, 1:11 p.m.
  • Length: 18:01
Show
View Real Time Build Order
Export as new Build Order

Winthrowe Terran - Winner!

Build Orders: MMM Bio 

Get SALT Encoding   

  12  0:01  SCV  
  13  0:19  Supply Depot  
  13  0:20  SCV  
  14  0:32  SCV  
  15  0:43  Barracks  
  15  0:44  SCV  
  16  0:56  SCV  
  17  1:08  SCV  
  18  1:18  Refinery  
  18  1:20  SCV  
  19  1:32  Supply Depot  
  19  1:33  Marine, SCV  
  21  1:45  SCV  
  22  1:51  Refinery  
  22  1:57  SCV  
  23  2:05  Command Center  
  23  2:09  SCV  
  24  2:21  Orbital Command  
  24  2:29  Marine  
  25  2:47  Marine  
  26  3:04  Marine  
  27  3:18  Barracks  
  27  3:22  Marine, SCV x2  
  30  3:34  SCV  
  30  3:35  SCV, Engineering Bay  
  30  3:40  Marine  
  33  3:46  SCV  
  33  3:47  SCV  
  35  3:58  SCV  
  35  3:59  SCV  
  35  4:02  Engineering Bay  
  37  4:09  Barracks Tech Lab, Bunker  
  37  4:10  SCV  
  37  4:11  SCV  
  39  4:25  Factory  
  39  4:30  Terran Infantry Armor Level 1, Refinery  
  39  4:45  Barracks Reactor  
  39  4:47  Marauder  
  39  4:52  Concussive Shells  
  41  4:55  Refinery  
  41  5:05  Planetary Fortress  
  41  5:08  Marauder  
  35  5:30  Marauder  
  32  5:35  Stimpack  
  27  5:51  Marauder  
  27  5:53  Marine x2  
  27  6:11  Marine x2  
  27  6:13  Marauder  
  31  6:42  Supply Depot  
  31  6:43  Terran Infantry Weapons Level 1  
  31  7:03  Marine x2, Marauder  
  31  7:05  Supply Depot  
  35  7:10  Starport, Factory Tech Lab  
  35  7:21  Marine x2  
  37  7:25  Marauder  
  37  7:28  Supply Depot  
  39  7:34  Infernal Pre-Igniter  
  39  7:36  Combat Shields  
  39  7:38  Marine x2  
  41  7:45  SCV  
  41  7:46  Marauder  
  44  7:52  Supply Depot  
  44  7:56  Marine  
  44  7:57  SCV  
  46  8:08  Marauder  
  48  8:12  Starport Reactor  
  48  8:22  Siege Tank  
  51  8:27  Command Center  
  51  8:29  Marauder  
  53  8:46  Armory  
  53  8:54  Siege Tank  
  56  9:07  Unknown  
  53  9:25  Marauder  
  53  9:26  Marine x2  
  57  9:44  Marine x2  
  59  9:46  Marauder  
  50  10:07  Marauder  
  52  10:26  Widow Mine  
  54  10:29  Marauder  
  54  10:33  Medivac  
  54  10:34  Medivac  
  60  10:36  Marine  
  60  10:37  Marine  
  62  10:50  Marauder  
  62  10:54  Marine, Widow Mine  
  62  10:55  Marine  
  68  11:12  Marine x2, Marauder  
  72  11:23  Thor  
  78  11:38  Supply Depot  
  78  11:42  Marine x2, Viking x2  
  78  11:43  Marauder  
  86  12:00  Marine x2  
  86  12:04  Marine  
  86  12:06  Hellion  
  87  12:18  Marine x2  
  87  12:22  Marauder  
  91  12:28  Hellion  
  93  12:36  Unknown  
  93  12:43  Supply Depot  
  93  12:51  Orbital Command  
  93  13:04  Medivac x2, Hellion  
  93  13:05  Marauder  
  101  13:06  Supply Depot, SCV  
  102  13:28  Hellion  
  102  13:30  Supply Depot  
  105  13:40  Unknown  
  105  13:49  SCV  
  105  13:54  Supply Depot  
  100  14:11  Marine, Marauder  
  100  14:12  Marine  
  100  14:13  Unknown  
  100  14:16  Medivac  
  102  14:29  Marine  
  102  14:30  Marine  
  102  14:32  Marauder  
  104  14:47  Marine x2  
  104  14:48  Unknown  
  106  14:53  Marauder  
  106  14:57  Unknown  
  108  15:01  Unknown  
  108  15:05  Marine x2  
  110  15:15  Marauder  
  110  15:18  Unknown  
  112  15:23  Marine x2  
  109  15:36  Marauder  
  101  15:58  Marauder  
  103  16:19  Marauder  
  105  16:28  Orbital Command  
  105  16:40  Marauder  
  105  16:46  Unknown  
  101  17:00  Marine  
  101  17:01  Marine  
  103  17:02  Marauder  
  103  17:23  Marauder  
Show
View Real Time Build Order
Export as new Build Order

A.I. 1 (Hard) Zerg 

Build Orders: Pool First 

Get SALT Encoding   

  12  0:00  Drone  
  13  0:12  Overlord  
  13  0:17  Drone  
  14  0:31  Drone  
  14  0:32  Drone  
  16  0:43  Spawning Pool  
  16  0:45  Drone  
  16  0:50  Drone  
  16  0:52  Extractor  
  16  0:56  Drone  
  17  1:06  Overlord  
  17  1:31  Zergling x2, Queen  
  20  1:33  Zergling x2  
  20  1:38  Roach Warren, Drone  
  21  1:43  Extractor  
  20  1:49  Drone  
  20  1:52  Baneling Nest  
  20  2:00  Drone  
  21  2:11  Drone  
  22  2:21  Zergling x2  
  23  2:32  Drone  
  23  2:36  Baneling  
  24  2:38  Baneling x2, Overlord, Zergling x2  
  24  2:40  Zergling x2  
  24  2:44  Zergling x2  
  27  2:54  Drone  
  28  3:05  Zergling x2  
  29  3:10  Overlord, Zergling x2  
  29  3:12  Zergling x2  
  31  3:17  Zergling x2  
  31  3:19  Baneling x3  
  32  3:28  Zergling x2  
  33  3:37  Evolution Chamber  
  33  3:38  Zergling x2  
  33  3:42  Drone  
  33  3:43  Drone  
  33  3:45  Drone  
  36  3:50  Drone  
  37  4:01  Drone  
  38  4:12  Drone  
  38  4:13  Overlord, Drone  
  40  4:38  Overlord, Roach  
  42  4:40  Evolution Chamber  
  42  4:42  Drone  
  42  4:46  Roach  
  44  4:53  Metabolic Boost  
  44  4:55  Roach, Lair  
  46  5:03  Roach  
  48  5:09  Zerg Melee Weapons Level 1  
  46  5:22  Hatchery  
  43  5:35  Drone  
  42  5:45  Zerg Ground Armor Level 1  
  42  5:57  Burrow, Hydralisk Den  
  42  6:00  Drone  
  44  6:04  Roach  
  44  6:12  Roach  
  46  6:21  Roach  
  48  6:29  Hydralisk  
  48  6:34  Drone  
  48  6:36  Drone  
  48  6:38  Roach  
  48  6:39  Drone  
  53  6:43  Drone  
  53  6:46  Hydralisk  
  56  6:48  Drone  
  56  6:53  Overlord  
  57  6:55  Hydralisk, Drone  
  57  6:58  Drone  
  57  7:00  Drone  
  62  7:02  Drone  
  62  7:03  Zerg Missile Weapons Level 1, Hydralisk  
  62  7:06  Drone  
  66  7:08  Overseer  
  66  7:10  Overseer  
  66  7:13  Drone  
  67  7:17  Drone  
  67  7:18  Spore Crawler  
  67  7:22  Spore Crawler  
  66  7:24  Drone  
  66  7:25  Spore Crawler  
  66  7:26  Drone  
  66  7:27  Drone  
  68  7:31  Overlord  
  68  7:33  Drone  
  68  7:36  Drone  
  70  7:38  Drone  
  71  7:44  Spore Crawler  
  71  7:46  Drone  
  71  7:47  Spine Crawler  
  71  7:49  Drone  
  71  7:55  Spine Crawler, Drone  
  71  7:57  Drone  
  72  7:58  Drone  
  72  8:02  Queen  
  75  8:05  Overlord  
  75  8:10  Spine Crawler  
  74  8:14  Spine Crawler  
  74  8:15  Drone  
  74  8:20  Queen  
  74  8:24  Infestation Pit  
  74  8:25  Drone  
  76  8:34  Spire  
  76  8:35  Drone  
  76  8:39  Pneumatized Carapace  
  76  8:44  Overseer  
  76  8:51  Hatchery  
  75  9:01  Infestor  
  77  9:05  Infestor  
  77  9:09  Extractor  
  78  9:13  Extractor, Infestor  
  71  9:18  Zergling x2  
  71  9:22  Roach  
  70  9:27  Roach  
  72  9:32  Hydralisk  
  72  9:35  Drone  
  72  9:37  Drone  
  72  9:38  Hydralisk, Drone  
  79  9:53  Roach  
  79  9:57  Zerg Melee Weapons Level 2, Roach  
  72  10:01  Zergling x2  
  72  10:04  Drone  
  72  10:06  Roach, Drone  
  71  10:07  Drone  
  71  10:09  Drone  
  71  10:10  Roach, Drone  
  71  10:12  Extractor, Drone  
  76  10:14  Roach, Drone  
  76  10:16  Drone  
  76  10:19  Roach, Drone  
  83  10:22  Hydralisk  
  83  10:23  Overlord  
  83  10:24  Drone  
  86  10:33  Hydralisk, Drone  
  90  10:35  Drone  
  90  10:37  Zerg Ground Armor Level 2  
  90  10:44  Drone  
  90  10:45  Drone  
  90  10:47  Drone  
  92  10:55  Zergling x2, Drone  
  92  10:56  Overlord  
  92  11:01  Pathogen Glands  
  92  11:05  Drone  
  92  11:06  Roach  
  92  11:07  Drone  
  92  11:08  Glial Reconstitution  
  96  11:16  Zergling x2, Drone  
  96  11:17  Extractor  
  90  11:19  Drone  
  90  11:24  Zerg Flyer Weapons Level 1  
  90  11:25  Spore Crawler, Roach  
  93  11:27  Drone  
  93  11:28  Spore Crawler  
  93  11:29  Roach, Drone  
  93  11:32  Queen  
  95  11:33  Hydralisk  
  95  11:38  Zergling x2  
  97  11:42  Roach  
  99  11:53  Spine Crawler  
  94  11:55  Spine Crawler  
  83  12:05  Zergling x2  
  71  12:09  Hive  
  71  12:12  Zerg Missile Weapons Level 2  
  71  12:14  Hydralisk  
  73  12:29  Zergling x2  
  73  12:42  Hydralisk  
  75  12:47  Overlord  
  75  12:49  Overseer, Hydralisk  
  77  12:55  Hydralisk  
  76  13:02  Zergling x2  
  77  13:07  Overlord  
  77  13:24  Hydralisk  
  77  13:25  Ultralisk Cavern, Overlord, Drone  
  77  13:26  Drone  
  80  13:28  Hatchery, Drone  
  80  13:30  Drone  
  80  13:31  Hydralisk  
  76  13:37  Hydralisk  
  74  13:43  Overlord, Overseer  
  74  13:44  Zergling x2  
  68  13:50  Hydralisk  
  68  13:51  Overseer  
  66  13:57  Hydralisk  
  66  14:01  Overlord, Overseer  
  57  14:03  Hydralisk  
  57  14:09  Hydralisk x2  
  48  14:10  Zergling x2  
  48  14:13  Overseer  
  51  14:20  Overlord, Zergling x2  
  51  14:21  Drone  
  51  14:23  Overseer  
  40  14:24  Zergling x2  
  40  14:28  Roach  
  40  14:29  Lair, Drone  
  42  14:32  Overlord  
  40  14:39  Ultralisk  
  40  14:43  Overseer  
  40  14:45  Ultralisk  
  48  14:50  Overlord, Zergling x2  
  42  15:04  Zergling x2  
  42  15:06  Overseer  
  41  15:08  Overlord  
  41  15:09  Zergling x2  
  41  15:12  Zergling x2  
  42  15:14  Overlord  
  41  15:26  Drone  
  41  15:27  Zergling x2  
  33  15:31  Zergling x2, Drone  
  33  15:33  Overlord  
  26  15:49  Drone  
  24  15:51  Overlord  
  24  15:55  Hatchery  
  22  15:59  Ultralisk  
  22  16:03  Overlord  
  26  16:11  Overseer  
  25  16:22  Overlord, Drone  
  25  16:23  Drone  
  25  16:24  Hatchery, Drone  
  27  16:30  Drone  
  27  16:40  Drone  
  27  16:44  Drone  
  22  16:57  Drone  
  22  16:59  Infestation Pit  
  20  17:11  Evolution Chamber  
  20  17:12  Drone  
  20  17:13  Spire  
Tags
 
Composition
MMM Bio
League
Silver
Matchup
TvZ
Opening
Pool First
Spawn Locations
Cross Positions
Add a new tag
Caveats
  • Supply blocks, unpowered buildings, or Contaminate may cause inaccurate times.
  • Supply counts are checked every 10 seconds.